Map: Pride of Altaris LE

Players

Serral

  • Race: Zerg Zerg

Trap - Winner!

  • Race: Protoss Protoss

VOD

Have the link to the VOD?

Description

Time

  • Played on: Oct. 31, 2021, 4:08 a.m.
  • Length: 8:09
Show
View Real Time Build Order
Export as new Build Order

Serral Zerg 

Build Orders: Hatch First 

Get SALT Encoding   

  12  0:00  Drone  
  13  0:12  Overlord  
  13  0:16  Drone  
  14  0:30  Drone  
  15  0:43  Hatchery  
  15  0:48  Drone  
  15  0:52  Drone  
  15  0:55  Drone  
  17  1:10  Spawning Pool  
  16  1:12  Drone  
  16  1:15  Extractor  
  16  1:18  Drone  
  16  1:21  Drone  
  18  1:32  Drone  
  19  1:42  Drone  
  20  1:55  Overlord  
  20  1:56  Queen  
  20  1:57  Queen  
  20  1:58  Zergling x2  
  25  2:04  Drone  
  25  2:06  Zergling x2  
  27  2:14  Drone  
  28  2:17  Drone  
  28  2:18  Metabolic Boost  
  29  2:25  Drone  
  29  2:27  Drone  
  31  2:40  Hatchery  
  31  2:41  Drone  
  31  2:45  Overlord  
  31  2:47  Drone  
  32  2:53  Queen  
  32  2:56  Drone  
  35  2:58  Drone  
  35  3:02  Overlord  
  36  3:10  Drone x3  
  36  3:11  Drone  
  36  3:12  Drone  
  40  3:15  Drone  
  40  3:17  Drone  
  42  3:22  Queen  
  44  3:27  Overlord  
  44  3:31  Queen  
  44  3:34  Drone  
  47  3:35  Drone  
  47  3:41  Overlord  
  48  3:47  Zergling x6  
  51  3:49  Spore Crawler  
  51  3:50  Spore Crawler  
  51  3:53  Drone  
  51  3:54  Drone x2  
  51  3:55  Drone  
  53  3:57  Drone  
  53  4:01  Queen  
  56  4:04  Zergling x2  
  56  4:06  Drone x2  
  59  4:10  Overlord  
  59  4:12  Drone  
  59  4:13  Drone  
  61  4:19  Overlord  
  61  4:20  Drone  
  61  4:21  Drone x2  
  63  4:26  Drone  
  63  4:28  Drone x2  
  63  4:29  Spore Crawler  
  65  4:33  Zergling x4  
  65  4:34  Drone  
  68  4:40  Zergling x2  
  68  4:41  Overlord  
  68  4:42  Drone  
  69  4:45  Roach Warren  
  69  4:46  Drone x2  
  69  4:47  Drone  
  69  4:51  Drone x2  
  73  4:55  Lair  
  73  4:56  Extractor  
  73  4:57  Drone x2  
  73  4:58  Extractor  
  73  5:00  Zergling x2  
  73  5:01  Drone  
  73  5:04  Overlord  
  73  5:06  Queen  
  75  5:10  Drone x2  
  77  5:15  Drone  
  77  5:18  Drone  
  77  5:20  Drone  
  79  5:22  Drone  
  79  5:27  Queen  
  82  5:28  Extractor  
  82  5:29  Extractor, Drone x3  
  82  5:31  Drone  
  82  5:32  Drone  
  82  5:34  Overlord  
  85  5:35  Drone  
  85  5:39  Hatchery  
  85  5:40  Extractor  
  85  5:42  Drone x3  
  87  5:43  Burrow  
  87  5:44  Overlord  
  87  5:53  Drone x3  
  90  5:57  Spire  
  90  6:00  Drone x2  
  90  6:01  Infestation Pit  
  90  6:03  Queen  
  91  6:05  Drone x3  
  91  6:06  Drone, Overseer  
  95  6:15  Glial Reconstitution  
  95  6:16  Drone x2, Evolution Chamber  
  95  6:17  Drone  
  98  6:19  Evolution Chamber  
  98  6:21  Spore Crawler  
  98  6:22  Overlord  
  98  6:23  Zergling x4  
  97  6:26  Drone x3  
  97  6:30  Extractor, Overlord  
  97  6:32  Extractor  
  98  6:35  Drone x2  
  98  6:36  Drone  
  98  6:38  Drone  
  98  6:39  Drone x2  
  106  6:43  Drone x3  
  106  6:45  Overlord  
  109  6:47  Overlord  
  114  7:04  Roach x2  
  114  7:07  Roach  
  114  7:08  Roach x9  
  130  7:09  Spore Crawler  
  130  7:12  Roach  
  130  7:13  Roach  
  133  7:18  Queen x2, Roach  
  133  7:22  Roach x2  
  139  7:27  Roach  
  139  7:28  Roach x3  
  141  7:33  Roach x4  
  135  7:40  Roach x2  
  135  7:41  Roach  
  130  7:46  Roach x3  
  130  7:49  Roach  
Show
View Real Time Build Order
Export as new Build Order

Trap Protoss - Winner!

Build Orders: 1 Gate Expand, Oracle Opening, Zealot Archon 

Get SALT Encoding   

  12  0:00  Probe  
  13  0:16  Pylon  
  13  0:17  Probe (Chrono Boost)  
  14  0:27  Probe (Chrono Boost)  
  15  0:32  Probe (Chrono Boost)  
  16  0:44  Probe  
  16  0:46  Gateway  
  17  0:54  Assimilator  
  17  0:56  Probe  
  18  1:08  Probe  
  19  1:20  Probe  
  20  1:27  Nexus  
  20  1:35  Cybernetics Core  
  20  1:39  Probe  
  21  1:45  Assimilator  
  21  1:51  Probe  
  22  1:55  Pylon  
  22  2:03  Probe (Chrono Boost)  
  23  2:13  Adept  
  26  2:15  Probe (Chrono Boost)  
  26  2:19  Stargate  
  26  2:20  Probe (Chrono Boost)  
  27  2:28  Warp Gate  
  28  2:31  Probe (Chrono Boost)  
  28  2:40  Probe (Chrono Boost)  
  28  2:43  Adept  
  32  2:48  Probe (Chrono Boost)  
  32  2:49  Probe (Chrono Boost)  
  33  2:54  Void Ray (Chrono Boost), Probe  
  33  2:55  Probe  
  39  3:06  Probe  
  39  3:07  Probe  
  39  3:09  Pylon  
  41  3:18  Probe  
  41  3:19  Probe  
  43  3:20  Gateway  
  43  3:27  Oracle (Chrono Boost)  
  43  3:31  Probe x2  
  48  3:43  Probe x2  
  50  3:49  Nexus  
  50  3:54  Pylon  
  50  3:57  Probe x2  
  52  4:03  Assimilator x2  
  52  4:09  Void Ray, Probe x2  
  58  4:19  Pylon  
  58  4:22  Protoss Air Weapons Level 1  
  58  4:24  Probe x2  
  58  4:29  Pylon  
  60  4:35  Forge  
  60  4:37  Twilight Council, Probe  
  60  4:38  Probe  
  62  4:41  Adept  
  64  4:47  Void Ray  
  64  4:50  Probe x2 (Chrono Boost)  
  72  5:00  Shield Battery, Probe x2 (Chrono Boost)  
  72  5:03  Protoss Ground Weapons Level 1  
  72  5:05  Probe (Chrono Boost)  
  73  5:12  Probe x3 (Chrono Boost)  
  76  5:17  Probe (Chrono Boost)  
  76  5:19  Probe x2  
  76  5:20  Charge (Chrono Boost)  
  75  5:24  Robotics Facility  
  75  5:28  Gateway  
  75  5:29  Gateway  
  75  5:33  Gateway  
  75  5:36  Probe  
  75  5:37  Assimilator  
  75  5:38  Assimilator, Probe  
  75  5:39  Probe  
  78  5:49  Gateway  
  78  5:52  Gateway  
  78  5:54  Gateway, Probe x3  
  78  5:56  Pylon  
  81  6:04  Templar Archives  
  81  6:07  Zealot x2  
  81  6:08  Probe x2  
  81  6:09  Probe  
  88  6:11  Warp Prism (Chrono Boost)  
  90  6:19  Pylon  
  90  6:24  Pylon  
  90  6:26  Pylon  
  90  6:41  High Templar x2, Photon Cannon  
  90  6:42  High Templar x3  
  90  6:43  High Templar  
  90  6:44  Pylon  
  90  6:46  Archon  
  90  6:47  Archon x2  
  102  6:49  Zealot x2  
  102  6:51  Gateway  
  102  6:53  Gateway  
  106  6:54  Pylon  
  106  7:00  Observer  
  107  7:09  Robotics Bay  
  107  7:10  Zealot x2  
  107  7:14  Zealot x5  
  121  7:15  Robotics Facility  
  121  7:16  Zealot  
  113  7:39  Zealot x8  
  121  7:50  Nexus  
  119  7:56  Zealot x2  
Tags
 
Add a new tag
Caveats
  • Supply blocks, unpowered buildings, or Contaminate may cause inaccurate times.
  • Supply counts are checked every 10 seconds.